MLB
NEW YORK YANKEES @ BALTIMORE ORIOLES
04/09/2044
 
TOP OF THE 1ST
New York Yankees batting - Pitching for Baltimore Orioles : RHP Jacob Taylor
Pitching: RHP Jacob Taylor
Batting: LHB Jordan de Jesus 0-0: Bunt for hit to 5S - play at first, batter safe!
Batting: RHB C.J. Richerson 0-0: Ball
1-0: Foul Ball, location: 2F
1-1: Ball
2-1: Fly out, F9 (Flyball, 89M, EV 88.8 MPH)
Batting: LHB Jim Skare 0-0: Foul Ball, location: 2F
0-1: Ball
1-1: Called Strike
Jordan de Jesus is caught stealing 2nd base 2-6
1-2: Foul Ball, location: 2F
1-2: Strikes out looking
Top of the 1st over - 0 runs, 1 hit, 0 errors, 0 left on base; New York 0 - Baltimore 0
BOTTOM OF THE 1ST
Baltimore Orioles batting - Pitching for New York Yankees : RHP John Brice
Pitching: RHP John Brice
Batting: RHB Andres Leon 0-0: Ball
1-0: Ball
2-0: Ball
3-0: Base on Balls
Batting: RHB Marc Peckermark 0-0: Foul Ball, location: 2F
0-1: Ball
1-1: Foul Ball, location: 2F
1-2: Ball
2-2: SINGLE (Flyball, 4D, EV 96.2 MPH)
Andres Leon to second
Batting: LHB Brad Pepin 0-0: DOUBLE (Line Drive, 9LM, EV 98.8 MPH)
Andres Leon scores
Marc Peckermark to third
Runner from 3rd tries for Home, SAFE, no throw by RF
Batting: RHB Saimei Kudo 0-0: Called Strike
0-1: SINGLE (Line Drive, 78M, EV 90.6 MPH)
Brad Pepin to third
Batting: RHB Alex Rodriguez Jr. 0-0: Ball
1-0: Ball
2-0: Swinging Strike
2-1: Foul Ball, location: 2F
2-2: Ball
3-2: Strikes out swinging
Batting: LHB Bob Melley 0-0: Ball
1-0: Ball
2-0: Called Strike
2-1: DOUBLE (Flyball, 78D, EV 101.2 MPH)
Brad Pepin scores
Saimei Kudo to third
Batting: RHB Kevin Howard 0-0: Swinging Strike
0-1: Ball
1-1: Ball
Passed Ball!
Saimei Kudo scores
Bob Melley to third
2-1: Swinging Strike
2-2: Strikes out swinging
Batting: RHB Randy Johnson Jr. 0-0: Ball
1-0: SINGLE (Flyball, 78S, EV 96.9 MPH)
Bob Melley scores
Batting: RHB Ioan Biros 0-0: Foul Ball, location: 2F
0-1: Swinging Strike
0-2: Strikes out swinging
Bottom of the 1st over - 5 runs, 5 hits, 0 errors, 1 left on base; New York 0 - Baltimore 5
TOP OF THE 2ND
New York Yankees batting - Pitching for Baltimore Orioles : RHP Jacob Taylor
Batting: LHB Evan Torraville 0-0: Ball
1-0: Fly out, F7 (Flyball, 7S, EV 91.2 MPH)
Batting: LHB David Bramble 0-0: Ball
1-0: Swinging Strike
1-1: Foul Ball, location: 2F
1-2: Strikes out swinging
Batting: LHB Alejandro Soriano 0-0: Ball
1-0: Called Strike
1-1: Swinging Strike
1-2: Ball
2-2: Ball
3-2: Foul Ball, location: 2F
3-2: Strikes out swinging
Top of the 2nd over - 0 runs, 0 hits, 0 errors, 0 left on base; New York 0 - Baltimore 5
BOTTOM OF THE 2ND
Baltimore Orioles batting - Pitching for New York Yankees : RHP John Brice
Batting: RHB Andres Leon 0-0: Foul Ball, location: 2F
0-1: Ground out 6-3 (Groundball, 6, EV 86.2 MPH)
Batting: RHB Marc Peckermark 0-0: Swinging Strike
0-1: Ball
1-1: Foul Ball, location: 2F
1-2: Ball
2-2: Foul Ball, location: 2F
2-2: Ball
3-2: DOUBLE (Line Drive, 89D, EV 106.2 MPH)
Batting: LHB Brad Pepin 0-0: Called Strike
0-1: Ball
1-1: Ground out 4-3 (Groundball, 4, EV 90.6 MPH)
Marc Peckermark to third
Batting: RHB Saimei Kudo 0-0: Called Strike
0-1: SINGLE (Groundball, 6MD, EV 103.8 MPH)
Marc Peckermark scores
Pitching: RHP Kyle Johnson
Batting: RHB Alex Rodriguez Jr. 0-0: Fielders Choice at 2nd, 5-4 (Groundball, 56, EV 105.6 MPH)
Bottom of the 2nd over - 1 run, 2 hits, 0 errors, 1 left on base; New York 0 - Baltimore 6
TOP OF THE 3RD
New York Yankees batting - Pitching for Baltimore Orioles : RHP Jacob Taylor
Batting: RHB Kai Bellow 0-0: Foul Ball, location: 2F
0-1: Ball
1-1: Ball
2-1: Fly out, F2 (Popup, 23F, EV 90.6 MPH)
Batting: LHB Yao-pang Tien 0-0: Called Strike
0-1: Ball
1-1: Ball
2-1: Foul Ball, location: 2F
2-2: Ground out 4-3 (Groundball, 4, EV 79.4 MPH)
Batting: RHB Geni Prawiranega 0-0: Ball
1-0: Ball
2-0: Foul Ball, location: 2F
2-1: Foul Ball, location: 2F
2-2: Strikes out swinging
Top of the 3rd over - 0 runs, 0 hits, 0 errors, 0 left on base; New York 0 - Baltimore 6
BOTTOM OF THE 3RD
Baltimore Orioles batting - Pitching for New York Yankees : RHP Kyle Johnson
Batting: LHB Bob Melley 0-0: Ball
1-0: Ball
2-0: Ball
3-0: Fly out, F9 (Flyball, 9S, EV 81.9 MPH)
Batting: RHB Kevin Howard 0-0: Ball
1-0: Foul Ball, location: 2F
1-1: Ground out 6-3 (Groundball, 56, EV 88.8 MPH)
Batting: RHB Randy Johnson Jr. 0-0: Ball
1-0: Called Strike
1-1: Swinging Strike
1-2: Strikes out swinging
Bottom of the 3rd over - 0 runs, 0 hits, 0 errors, 0 left on base; New York 0 - Baltimore 6
TOP OF THE 4TH
New York Yankees batting - Pitching for Baltimore Orioles : RHP Jacob Taylor
Batting: LHB Jordan de Jesus 0-0: Ball
1-0: Swinging Strike
1-1: Ball
2-1: Called Strike
2-2: Ball
3-2: Fly out, F7 (Line Drive, 7, EV 108.1 MPH)
Batting: RHB C.J. Richerson 0-0: Ball
1-0: Ground out 5-3 (Groundball, 56, EV 85.0 MPH)
Batting: LHB Jim Skare 0-0: Ball
1-0: Called Strike
1-1: Fly out, F9 (Flyball, 9S, EV 85.0 MPH)
Top of the 4th over - 0 runs, 0 hits, 0 errors, 0 left on base; New York 0 - Baltimore 6
BOTTOM OF THE 4TH
Baltimore Orioles batting - Pitching for New York Yankees : RHP Kyle Johnson
Batting: RHB Ioan Biros 0-0: Called Strike
0-1: Ball
1-1: Ball
2-1: Foul Ball, location: 2F
2-2: Ball
3-2: Base on Balls
Batting: RHB Andres Leon 0-0: Called Strike
0-1: Ball
1-1: Foul Ball, location: 2F
1-2: Strikes out swinging
Batting: RHB Marc Peckermark 0-0: Called Strike
0-1: Fly out, F7 (Flyball, 7S, EV 90.6 MPH)
Batting: LHB Brad Pepin 0-0: Foul Ball, location: 2F
0-1: Swinging Strike
0-2: Ball
1-2: Ball
2-2: 2-RUN HOME RUN (Flyball, 78XD, EV 105.6 MPH), Distance : 413 ft
Batting: RHB Saimei Kudo 0-0: Ball
1-0: Ball
2-0: Fly out, F5 (Popup, 5F, EV 80.6 MPH)
Bottom of the 4th over - 2 runs, 1 hit, 0 errors, 0 left on base; New York 0 - Baltimore 8
TOP OF THE 5TH
New York Yankees batting - Pitching for Baltimore Orioles : RHP Jacob Taylor
Batting: LHB Evan Torraville 0-0: Ball
1-0: Called Strike
1-1: Swinging Strike
1-2: Ball
2-2: Ball
3-2: Ground out 3-1 (Groundball, 34, EV 87.5 MPH)
Batting: LHB David Bramble 0-0: Foul Ball, location: 2F
0-1: Foul Ball, location: 2F
0-2: Strikes out swinging
Batting: LHB Alejandro Soriano 0-0: Swinging Strike
0-1: Ball
1-1: Called Strike
1-2: Foul Ball, location: 2F
1-2: Ground out 2-3 (Groundball, 15S, EV 65.6 MPH)
Top of the 5th over - 0 runs, 0 hits, 0 errors, 0 left on base; New York 0 - Baltimore 8
BOTTOM OF THE 5TH
Baltimore Orioles batting - Pitching for New York Yankees : RHP Kyle Johnson
Batting: RHB Alex Rodriguez Jr. 0-0: Called Strike
0-1: Ball
1-1: Swinging Strike
1-2: Ball
2-2: SINGLE (Groundball, 5L, EV 103.8 MPH) (infield hit)
Batting: LHB Bob Melley 0-0: Ball
1-0: Ball
2-0: Fly out, F7 (Flyball, 7, EV 96.9 MPH)
Batting: RHB Kevin Howard 0-0: Ball
1-0: Foul Ball, location: 2F
1-1: Ball
Alex Rodriguez Jr. steals 2nd base (no throw)
2-1: Ball
3-1: Fly out, F7 (Flyball, 7LD, EV 93.8 MPH)
Batting: RHB Randy Johnson Jr. 0-0: Ball
1-0: Ball
2-0: Ball
3-0: Called Strike
3-1: Base on Balls
Batting: RHB Ioan Biros 0-0: Ball
1-0: Ground out 5-3 (Groundball, 56S, EV 75.0 MPH)
Bottom of the 5th over - 0 runs, 1 hit, 0 errors, 2 left on base; New York 0 - Baltimore 8
TOP OF THE 6TH
New York Yankees batting - Pitching for Baltimore Orioles : RHP Jacob Taylor
Batting: RHB Kai Bellow 0-0: Swinging Strike
0-1: DOUBLE (Line Drive, 78XD, EV 111.2 MPH)
Batting: LHB Yao-pang Tien 0-0: Called Strike
0-1: Called Strike
0-2: Ball
1-2: Foul Ball, location: 2F
1-2: Ground out 5-3 (Groundball, 56, EV 85.6 MPH)
Batting: RHB Geni Prawiranega 0-0: Ball
1-0: Ball
2-0: Ground out 6-3 (Groundball, 56, EV 98.1 MPH)
Batting: LHB Jordan de Jesus 0-0: Fly out, F6 (Line Drive, 6, EV 65.6 MPH)
Top of the 6th over - 0 runs, 1 hit, 0 errors, 1 left on base; New York 0 - Baltimore 8
BOTTOM OF THE 6TH
Baltimore Orioles batting - Pitching for New York Yankees : RHP Kyle Johnson
Pitching: RHP Timothy Greinke
Batting: RHB Andres Leon 0-0: Swinging Strike
0-1: Foul Ball, location: 2F
0-2: Ground out 3-1 (Groundball, 34S, EV 86.2 MPH)
Batting: RHB Marc Peckermark 0-0: Ball
1-0: Ball
2-0: SINGLE (Line Drive, 4D, EV 94.4 MPH)
Batting: LHB Brad Pepin 0-0: Swinging Strike
0-1: Hit by Pitch
Marc Peckermark to second
Batting: RHB Saimei Kudo 0-0: Foul Ball, location: 2F
0-1: Foul Ball, location: 2F
0-2: Ball
Wild Pitch!
Marc Peckermark to third
Brad Pepin to second
1-2: Ball
2-2: Foul Ball, location: 2F
2-2: Ground out 5-3 (Groundball, 5L, EV 80.6 MPH)
Marc Peckermark scores
Batting: RHB Alex Rodriguez Jr. 0-0: Ball
Wild Pitch!
Brad Pepin to third
1-0: Ball
2-0: Called Strike
2-1: Called Strike
2-2: Foul Ball, location: 2F
2-2: DOUBLE (Flyball, 8LXD, EV 109.4 MPH)
Brad Pepin scores
Batting: LHB Bob Melley 0-0: Swinging Strike
0-1: Ground out 4-3 (Groundball, 4S, EV 88.1 MPH)
Bottom of the 6th over - 2 runs, 2 hits, 0 errors, 1 left on base; New York 0 - Baltimore 10
TOP OF THE 7TH
New York Yankees batting - Pitching for Baltimore Orioles : RHP Jacob Taylor
Pinch Hitting: LHB Jason Peck 0-0: Called Strike
0-1: Called Strike
0-2: Ball
1-2: Foul Ball, location: 2F
1-2: Strikes out swinging
Batting: LHB Jim Skare 0-0: Ball
1-0: Swinging Strike
1-1: Ball
2-1: Ball
3-1: Base on Balls
Batting: LHB Evan Torraville 0-0: Called Strike
0-1: Ball
1-1: Called Strike
1-2: Ball
2-2: Ball
3-2: DOUBLE (Line Drive, 7LS, EV 113.1 MPH)
Jim Skare to third
Runner from 3rd tries for Home, SAFE, no throw by LF
Pitching: RHP Mike Hurst
Batting: LHB David Bramble 0-0: Ball
Evan Torraville steals 3rd base
1-0: Ball
2-0: Ball
3-0: Base on Balls
Batting: LHB Alejandro Soriano 0-0: Called Strike
0-1: Fly out, F9 (Flyball, 9, EV 84.4 MPH)
Batting: RHB Kai Bellow 0-0: Foul Ball, location: 2F
0-1: Foul Ball, location: 2F
0-2: Ball
1-2: Foul Ball, location: 2F
1-2: Ball
2-2: 3-RUN HOME RUN (Flyball, 89XD, EV 96.2 MPH), Distance : 382 ft
Batting: LHB Yao-pang Tien 0-0: Swinging Strike
0-1: Fly out, F8 (Flyball, 8RD, EV 95.6 MPH)
Top of the 7th over - 4 runs, 2 hits, 0 errors, 0 left on base; New York 4 - Baltimore 10
BOTTOM OF THE 7TH
Baltimore Orioles batting - Pitching for New York Yankees : RHP Timothy Greinke
Now at 2B: Jordan de Jesus
Now at SS: Jason Peck
Batting: RHB Kevin Howard 0-0: Foul Ball, location: 2F
0-1: Called Strike
0-2: Ball
1-2: Strikes out swinging
Batting: RHB Randy Johnson Jr. 0-0: Ball
1-0: Foul Ball, location: 2F
1-1: Swinging Strike
1-2: Ball
2-2: Foul Ball, location: 2F
2-2: Strikes out looking
Batting: RHB Ioan Biros 0-0: Ball
1-0: Swinging Strike
1-1: Foul Ball, location: 2F
1-2: Ball
2-2: Ball
3-2: Foul Ball, location: 2F
3-2: Base on Balls
Batting: RHB Andres Leon 0-0: Foul Ball, location: 2F
0-1: Ball
1-1: 2-RUN HOME RUN (Flyball, 7D, EV 98.1 MPH), Distance : 372 ft
Pitching: RHP Jose Tavira
Pinch Hitting: RHB Jeremy Giesler 0-0: Foul Ball, location: 2F
0-1: Ball
1-1: DOUBLE (Flyball, 8RXD, EV 105.0 MPH)
Pinch Hitting: LHB Stu Sornson 0-0: Swinging Strike
0-1: Ball
1-1: Ball
2-1: Foul Ball, location: 2F
2-2: Foul Ball, location: 2F
2-2: Strikes out swinging
Bottom of the 7th over - 2 runs, 2 hits, 0 errors, 1 left on base; New York 4 - Baltimore 12
TOP OF THE 8TH
New York Yankees batting - Pitching for Baltimore Orioles : RHP Mike Hurst
Now in LF: Stu Sornson
Now in RF: Jeremy Giesler
Batting: RHB Geni Prawiranega 0-0: Swinging Strike
0-1: Swinging Strike
0-2: Foul Ball, location: 2F
0-2: Foul Ball, location: 2F
0-2: Hit by Pitch
Batting: LHB Jordan de Jesus 0-0: Ball
1-0: Ball
2-0: Called Strike
2-1: Swinging Strike
2-2: Grounds into double play, 5-4-3 (Groundball, 5, EV 85.6 MPH)
Batting: LHB Jason Peck 0-0: Called Strike
0-1: Called Strike
0-2: Ball
1-2: Strikes out swinging
Top of the 8th over - 0 runs, 0 hits, 0 errors, 0 left on base; New York 4 - Baltimore 12
BOTTOM OF THE 8TH
Baltimore Orioles batting - Pitching for New York Yankees : RHP Jose Tavira
Batting: RHB Saimei Kudo 0-0: Ball
1-0: Ball
2-0: Fly out, F8 (Line Drive, 8LD, EV 91.9 MPH)
Pinch Hitting: RHB Ruben Garza 0-0: Ball
1-0: Called Strike
1-1: Swinging Strike
1-2: Ball
2-2: Foul Ball, location: 2F
2-2: Strikes out swinging
Batting: LHB Bob Melley 0-0: Called Strike
0-1: SINGLE (Groundball, 56D, EV 110.6 MPH)
Batting: RHB Kevin Howard 0-0: Foul Ball, location: 2F
0-1: Ball
1-1: Called Strike
1-2: Ball
2-2: Foul Ball, location: 2F
2-2: Ball
Wild Pitch!
Bob Melley to second
3-2: Base on Balls
Pinch Hitting: LHB Paul Diaz 0-0: SINGLE (Line Drive, 6MD, EV 95.0 MPH)
Bob Melley to third
Kevin Howard to second
Runner from 3rd tries for Home, SAFE, throw by CF to home
Batting: RHB Ioan Biros 0-0: Called Strike
0-1: Called Strike
0-2: Ball
1-2: Ball
2-2: Foul Ball, location: 2F
2-2: Strikes out swinging
Bottom of the 8th over - 1 run, 2 hits, 0 errors, 2 left on base; New York 4 - Baltimore 13
TOP OF THE 9TH
New York Yankees batting - Pitching for Baltimore Orioles : RHP Mike Hurst
Now at 1B: Paul Diaz
Now at 2B: Ruben Garza
Now at SS: Andres Leon
Batting: LHB Jim Skare 0-0: Ball
1-0: Called Strike
1-1: Ball
2-1: Called Strike
2-2: Fly out, F8 (Flyball, 8RXD, EV 92.5 MPH)
Batting: LHB Evan Torraville 0-0: Swinging Strike
0-1: Ball
1-1: Foul Ball, location: 2F
1-2: Foul Ball, location: 2F
1-2: Foul Ball, location: 2F
1-2: Strikes out swinging
Batting: LHB David Bramble 0-0: Called Strike
0-1: Foul Ball, location: 2F
0-2: Ball
1-2: Ball
2-2: Fly out, F9 (Line Drive, 9, EV 90.0 MPH)
Top of the 9th over - 0 runs, 0 hits, 0 errors, 0 left on base; New York 4 - Baltimore 13
Thursday, March 31st , 2022 - OOTP Baseball 22.12 Build 89